 Dungeon Sprint DCSS version bcrawl-1.19.1 (webtiles) character file.

Game seed: 7878410238250695711

1600000 mahrnol the Miracle Worker (level 16, 0/162 HPs)
             Began as a Djinni Skald on Dec 2, 2019.
             Was a Believer of Makhleb.
             Slain by a meat berserker
             ... wielding a +9 battleaxe
              (23 damage)
             ... in the Dungeon (Sprint VIII: "Arena of Blood").
             The game lasted 00:01:16 (16 turns).

mahrnol the Miracle Worker (Djinni Skald)             Turns: 16, Time: 00:01:16

Health: 0/162      AC:  3    Str: 15    XL:     16   Next: 28%
Magic:  7/54       EV: 24    Int: 17    God:    Makhleb [**....]
Gold:   0          SH:  0    Dex: 15    Spells: 64/65 levels left

rFire    + . .     SeeInvis .   c - +∞ Axe of Woe
rCold    . . .     Gourm    .   (shield currently unavailable)
rNeg     . . .     Faith    .   b - +0 leather armour
rPois    .         Spirit   .   (no helmet)
rElec    .         Reflect  .   (no cloak)
rCorr    .         Harm     .   (no gloves)
MR       +....     Rnd*Rage +   (boots unavailable) Stlth +.........NoTele +
                                (no amulet)
HPRegen  0.37/turn              (no ring)
MPRegen  0.34/turn              (no ring)

@: flying
A: never pass out, berserk 2, blink, blurry vision 2, fire resistance 1, high mp
2, wild magic 3, disrupted magic 1, MP-powered wands, floating
a: Blink, Minor Destruction, Renounce Religion


You were in the Dungeon.
You worshipped Makhleb.
Makhleb was pleased with you.
You were not hungry.

You visited 1 branch

Inventory:

Hand Weapons
 a - a +0 hand axe
 c - the +∞ Axe of Woe (weapon)
   (You found it in the Dungeon)
Armour
 b - a +0 leather armour (worn)
Scrolls
 d - a scroll of fear
 k - a scroll of blinking
Potions
 e - a potion of curing
 g - a potion of heal wounds
 h - a potion of haste
 i - 2 potions of magic
 j - a potion of berserk rage
Comestibles
 f - a ration {!d}


   Skills:
 + Level 20.1 Fighting
 + Level 21.5 Axes
 + Level 6.4 Armour
 + Level 17.0 Dodging
 + Level 25.4 Spellcasting
 O Level 27 Charms


You had 64 spell levels left.
You knew the following spells:

 Your Spells              Type           Power        Failure   Level  Hunger
a - Infusion              Chrm           ########     1%          1    None

Your spell library contained the following spells:

 Spells                   Type           Power        Failure   Level  Hunger
 Song of Slaying          Chrm           ########     1%          2    None
 Ozocubu's Armour         Chrm/Ice       #######.     2%          3    None
 Regeneration             Chrm/Necr      #######...   2%          3    None
 Spectral Weapon          Hex/Chrm       #######.     2%          3    None


Dungeon Overview and Level Annotations

Branches:
Dungeon (1/1)

Altars:
Makhleb


Innate Abilities, Weirdness & Mutations

You never pass out after going berserk.
You often lose your temper in combat.
You can translocate small distances at will.
Scrolls take you longer to read.
Your flesh is heat resistant. (rF+)
You have a considerably increased reservoir of magic. (+20% MP)
Your spells are much harder to cast, but much more powerful.
Your casting is slightly disrupted.
You expend magic power (3 MP) to strengthen your wands.
Your body floats in the air.


Message History

A bag of meat comes into view. It is wielding a +9 war axe. x2
The meat berserker hits you with a +9 battleaxe!!!
You hear a shout!
The bag of meat shouts!
You hit the meat berserker.
You butcher the meat berserker messily.
You kill the meat berserker!
Makhleb accepts your kill.
Your Fighting skill gained 2 levels and is now at level 20!
Your Axes skill gained 2 levels and is now at level 21!
Your Armour skill gained 2 levels and is now at level 6!
Your Dodging skill gained 2 levels and is now at level 17!
Your Spellcasting skill gained 2 levels and is now at level 25!
You have reached level 16!
You feel clever.
You hear a shout! x2
A bag of meat comes into view. It is wielding a +9 war axe.
The meat berserker hits you with a +9 battleaxe!!!
* * * LOW HITPOINT WARNING * * *
The meat berserker hits you with a +9 battleaxe!!
You die...

##...#........
......#o.....
.......oo.o. ...
#........o.........
o#.o...o..#.......#
o..o#..o. #.......#
.#.oo...###.......###.
...o.O)@.....###......
.....#OO......_......
...#...oo..#.....#
#......o...#_.<._#
...#.......#.....#.
.....#.o.o)o)._......
.............###......
........###..o. ..###.
......... #.......#


You could see 3 meat berserkers and 21 bags of meat.

Vanquished Creatures
  3 ogres (D)
  3 orcs (D)
6 creatures vanquished.

Notes
Turn   | Place    | Note
-------+----------+-------------------------------------------
     0 | D        | Found the +∞ Axe of Woe
     0 | D        | mahrnol the Djinni Skald began the quest for the Orb.
     0 | D        | Reached XP level 1. HP: 17/17 MP: 4/4
     0 | D        | Noticed a meat berserker
     1 | D        | Noticed a bag of meat
     3 | D        | Became a worshipper of Makhleb the Destroyer
     5 | D        | Noticed a bag of meat
     5 | D        | Noticed a bag of meat
     6 | D        | Noticed a bag of meat
     7 | D        | Noticed a bag of meat
     8 | D        | Killed a bag of meat
     8 | D        | Reached skill level 10 in Dodging
     8 | D        | Reached skill level 15 in Spellcasting
     8 | D        | Reached skill level 18 in Charms
     8 | D        | Reached XP level 2. HP: 40/40 MP: 4/18
     8 | D        | Reached XP level 3. HP: 47/47 MP: 4/20
     8 | D        | Gained mutation: Your spells are harder to cast, but more
                  | powerful. [Djinni growth]
     8 | D        | Gained mutation: You can translocate small distances at
                  | will. [Djinni growth]
     8 | D        | Reached XP level 4. HP: 55/55 MP: 4/21
     8 | D        | Reached XP level 5. HP: 61/61 MP: 4/23
     8 | D        | Reached XP level 6. HP: 68/68 MP: 4/24
     8 | D        | Reached XP level 7. HP: 74/74 MP: 4/26
     8 | D        | Gained mutation: Your spells are much harder to cast, but
                  | much more powerful. [Djinni growth]
     8 | D        | Reached XP level 8. HP: 82/82 MP: 4/27
     8 | D        | Reached XP level 9. HP: 89/89 MP: 4/28
     8 | D        | Reached XP level 10. HP: 96/96 MP: 4/29
     8 | D        | Reached XP level 11. HP: 103/103 MP: 4/30
     8 | D        | Killed a meat berserker
     8 | D        | Reached * piety under Makhleb
     8 | D        | Reached skill level 22 in Charms
     8 | D        | Gained mutation: Your casting is slightly disrupted.
                  | [Djinni growth]
     8 | D        | Gained mutation: Your flesh is heat resistant. (rF+)
                  | [Djinni growth]
     8 | D        | Gained mutation: You have an increased reservoir of magic.
                  | (+10% MP) [Djinni growth]
     8 | D        | Gained mutation: You have a considerably increased
                  | reservoir of magic. (+20% MP) [Djinni growth]
     8 | D        | Reached XP level 12. HP: 118/118 MP: 4/42
     8 | D        | Reached XP level 13. HP: 125/125 MP: 4/43
     9 | D        | Killed a bag of meat
     9 | D        | Reached skill level 15 in Fighting
     9 | D        | Reached skill level 24 in Charms
     9 | D        | Reached XP level 14. HP: 135/135 MP: 4/46
     9 | D        | Noticed a bag of meat
     9 | D        | Noticed a bag of meat
     9 | D        | Noticed a bag of meat
    10 | D        | Noticed a meat berserker
    10 | D        | Noticed a bag of meat
    10 | D        | Noticed a bag of meat
    10 | D        | Noticed a meat berserker
    11 | D        | Noticed a meat berserker
    12 | D        | Noticed a meat berserker
    12 | D        | Noticed a bag of meat
    13 | D        | Noticed a bag of meat
    13 | D        | Noticed a meat berserker
    13 | D        | Noticed a bag of meat
    13 | D        | Noticed a bag of meat
    13 | D        | Noticed a bag of meat
    13 | D        | Noticed a bag of meat
    13 | D        | Noticed a bag of meat
    14 | D        | Killed a bag of meat
    14 | D        | Reached skill level 25 in Charms
    14 | D        | Killed a meat berserker
    14 | D        | Reached ** piety under Makhleb
    14 | D        | Reached skill level 15 in Dodging
    14 | D        | Reached skill level 27 in Charms
    14 | D        | Reached XP level 15. HP: 149/149 MP: 6/50
    16 | D        | Killed a meat berserker
    16 | D        | Reached XP level 16. HP: 84/162 MP: 6/54
    16 | D        | Slain by a meat berserker

Skill      XL: |  1  2  3  4  5  6  7  8  9 10 11 12 13 14 15 |
---------------+----------------------------------------------+-----
Fighting       | 11 14 15 18 20 | 20.1
Axes           | 11 14 16 19 21 | 21.5
Armour         | 2 3 4 6 |  6.4
Dodging        | 10 12 13 15 17 | 17.0
Spellcasting   | 15 19 20 23 25 | 25.4
Charms         | 18 22 24 27 | 27.0

Action                   |  1- 3 |  4- 6 |  7- 9 | 10-12 | 13-15 | 16-18 || total
-------------------------+-------+-------+-------+-------+-------+-------++-------
Melee: Executioner's axe |     1 |       |       |       |     3 |       ||     4
